 Dungeon Crawl Stone Soup version 0.31.0-32-g396128a36d (webtiles) character file.

Game seed: 18123025899772083900

100349 velxir3 the Unseen (level 15, -2/120 HPs)
             Began as a Felid Berserker on Mar 23, 2024.
             Was a High Priest of Trog.
             Splashed by a goliath frog's acid (7 damage)
             ... on level 1 of the Swamp.
             The game lasted 01:50:18 (26539 turns).

velxir3 the Unseen (Felid Berserker)               Turns: 26539, Time: 01:50:19

Health: -2/120     AC:  3    Str: 19    XL:     15   Next: 80%
Magic:  16/16      EV: 32    Int: 11    God:    Trog [*****.]
Gold:   1317       SH:  0    Dex: 24    Spells: 14/14 levels left
                                        Lives:  0   Deaths: 5

rFire   . .          .
                       - Unarmed
rCold   + . .        (shield unavailable)
rNeg    . . .        (body armour unavailable)
rPois   +            (helmet unavailable)
rElec   .            (cloak unavailable)
rCorr   .            (gloves unavailable)
SInv    +            (boots unavailable)
Will    ++++.        l - amulet of regeneration Stlth
                     I - +4 ring of protection
HPRegen 2.20/turn    M - ring "Esuut" {rPois Str+3 Dex+2 SInv}
MPRegen 0.15/turn

%: no passive effects
@: berserking, strong-willed, corroded, regenerating, very quick
A: very small, claws 1, fangs 3, see invisible, shaggy fur 3, stealthy paws, no
weapons or thrown items, no armour, multi-lived, agile 1
a: Renounce Religion, Berserk, Trog's Hand, Brothers in Arms


You were on level 1 of the Swamp.
You worshipped Trog.
Trog was extremely pleased with you.
You visited 4 branches of the dungeon, and saw 23 of its levels.

You collected 2793 gold pieces.
You spent 1476 gold pieces at shops.

Inventory:

Jewellery
 l - an amulet of regeneration (around neck)
 m - an amulet of reflection
 p - an amulet of the acrobat
 z - a ring of flight
 B - an amulet of guardian spirit
 I - a +4 ring of protection (left paw)
 J - a ring of ice
 K - a ring of fire
 M - the ring "Esuut" (right paw) {rPois Str+3 Dex+2 SInv}
   (You bought it in a shop on level 5 of the Dungeon)

   [ring of poison resistance]

   Str+3:     It affects your strength (+3).
   Dex+2:     It affects your dexterity (+2).
   rPois:     It protects you from poison SInv: It lets you see invisible.
 O - a +5 ring of evasion
 R - a ring of positive energy
 V - a ring of resist corrosion
Talismans
 k - a blade talisman
 q - a granite talisman
 D - a flux talisman
 P - a serpent talisman
Wands
 h - a wand of digging (24)
 j - a wand of iceblast (5)
 w - a wand of flame (32)
 y - a wand of paralysis (12)
 E - a wand of polymorph (16)
 F - a wand of quicksilver (15)
 L - a wand of mindburst (3)
Scrolls
 d - 11 scrolls of teleportation
 e - a scroll of vulnerability
 o - a scroll of silence
 r - 7 scrolls of identify
 s - 3 scrolls of poison
 t - 4 scrolls of revelation
 x - a scroll of amnesia
 A - 5 scrolls of fog
 C - 2 scrolls of fear
 Y - a scroll of blinking
Potions
 a - 6 potions of cancellation
 b - a potion of haste
 c - 4 potions of attraction
 f - 4 potions of ambrosia
 g - 4 potions of magic
 i - 8 potions of curing
 n - a potion of mutation
 N - 2 potions of enlightenment
 Q - 3 potions of might
 T - a potion of berserk rage
 W - 3 potions of heal wounds
 Z - a potion of invisibility
Miscellaneous
 X - a sack of spiders (inert)


   Skills:
 * Level 10.0 Fighting
 * Level 14.0 Dodging
 * Level 20.8 Stealth
 + Level 20.2 Unarmed Combat
 * Level 10.1 Evocations
 * Level 6.9 Shapeshifting


You had 14 spell levels left.
You didn't know any spells.
Your spell library was empty.

Dungeon Overview and Level Annotations

Branches:
Dungeon (15/15)            Temple (0/1) D:5            Lair (5/5) D:11
  Swamp (1/4) Lair:3        Snake (0/4) Lair:2        Slime (0/5) Lair:4
    Orc (2/2) D:11            Elf (0/3) Orc:2        Vaults (0/5) D:14
 Depths (0/4) D:15

Altars:
Ashenzari
Cheibriados
Dithmenos
Elyvilon
Gozag
Kikubaaqudgha
Nemelex Xobeh
Qazlal
Trog
Uskayaw
Yredelemnul
Zin

Shops:
D:5 [(=![*   D:11 :   Orc:1 :   Orc:2 *!([

Portals:
Trove: D:11 (give 18 potions of curing)


Innate Abilities, Weirdness & Mutations

You have sharp claws.
You have razor-sharp teeth.
You have supernaturally acute eyesight. (SInv)
Your thick and shaggy fur keeps you warm. (AC +3, rC+)
Your paws help you pounce on unaware monsters.
You are incapable of wielding weapons or throwing items.
You cannot wear armour.
You gain extra lives every three experience levels.
You are agile. (Dex +4, Str/Int -1)


Message History

Your bite misses the spriggan rider.
The spriggan rider is heavily wounded.
The spriggan rider misses you.
The spriggan rider completely misses you.
The goliath frog hits you from afar!
You are splashed with acid!
You barely miss the spriggan rider.
The spriggan rider is heavily wounded.
The spriggan rider misses you.
You claw the spriggan rider!
The spriggan rider is severely wounded.
The spriggan rider hits you with a +0 spear.
The goliath frog misses you.
Your skin crawls.
You feel strong-willed.
The spriggan rider hits you from afar with a +0 spear!!
* * * LOW HITPOINT WARNING * * *
The goliath frog misses you.
The spriggan rider hits you with a +0 spear!
* * * LOW HITPOINT WARNING * * *
A red film seems to cover your vision as you go berserk!
You feel yourself moving faster!
You feel mighty! The goliath frog misses you.
The spriggan rider closely misses you.
The spriggan rider completely misses you.
You claw the spriggan rider!
You hear a splash.
You kill the spriggan!
Trog accepts your kill.
Your bite misses the hornet.
The hornet is almost dead.
The goliath frog completely misses you.
The spriggan rider completely misses you.
You mangle the hornet!!
You feel the power of Trog in you as your rage grows.
You kill the hornet!
Trog accepts your kill.
Your Dodging skill increases to level 14!
The goliath frog hits you!
* * * LOW HITPOINT WARNING * * *
The acid corrodes you!
You are splashed with acid!
You die...

~..♣~..~~.~~~.~...§~~.
~~~.~♣~.~..~..♣♣~. ~~~♣.
.~~~.♣♣♣♣♣~~..♣~ ....~
~~~~~.~♣♣....♣~ ...~..
~~~~~.....~~.§♣ ..~~..
~..~~...§~~~.~♣♣♣♣.~~~~.
.~.~.~~~~~~~.....w~~~~§.
.......~~~~.§~~~iF§~~~~.
###...~~~~.).~~)@.~~~~~~
..#.♣..~~.♣♣~....~.~.~~.
..#...~~~.♣♣♣♣♣♣♣~.~~~..
.....~♣.~~♣ .~~~.§~
..#..♣♣..♣♣ .~~..♣♣
..#.♣♣♣♣♣♣ .....♣ #.#.♣
~~~~~♣ §...♣ ♣♣♣♣♣♣
~♣♣♣♣


You could see a tyrant leech, a spriggan rider and a goliath frog.

Vanquished Creatures
  6 dire elephants (Lair:5)
  The ghost of turdburglar the Mimic, a journeyman MfSh of Makhleb (Lair:2)
  The ghost of Reuwoll the Destroyer, a journeyman TeAE of Vehumet (Lair:4)
  Fannar (Lair:3)
  5 hydras
  A rakshasa (D:15)
  4 ogre magi (Orc:2)
  A catoblepas (D:14)
  3 centaur warriors
  Erica (D:8)
  A tengu warrior (D:14)
  10 death yaks
  17 two-headed ogres
  2 death knights (D:14)
  An orc high priest (Orc:2)
  An occultist (D:15)
  5 spriggans (Swamp:1)
  A spectral anaconda (Lair:5)
  A goliath frog (Swamp:1)
  A skeletal warrior (D:14)
  A skyshark (Lair:2)
  2 bog bodies (Swamp:1)
  An obsidian statue (Lair:5)
  2 swamp dragons (Swamp:1)
  2 deep elf pyromancers
  3 orc knights
  2 phantasmal warriors (D:14)
  5 necromancers
  2 orc sorcerers
  Maurice (D:8)
  An ugly thing (D:13)
  A manticore (D:11)
  4 cyclopes
  A meliai (Lair:4)
  A meliai (shapeshifter) (D:14)
  A will-o-the-wisp (Swamp:1)
  4 elephants (Lair:5)
  5 kobold blastminers
  Joseph (D:8)
  A black mamba (Lair:3)
  Maggie (D:9)
  A centaur zombie (D:15)
  A gargoyle (D:12)
  10 cane toads
  7 kobold demonologists (D:10)
  A molten gargoyle (D:15)
  8 komodo dragons
  A dire elephant skeleton (Lair:5)
  5 rime drakes
  3 tengu conjurers
  2 efreet
  2 freezing wraiths
  Psyche (D:10)
  5 trolls
  A tyrant leech (Lair:3)
  9 hornets
  3 polar bears
  17 blink frogs
  A meliai zombie (D:15)
  12 slime creatures
  A centaur simulacrum (D:15)
  2 shadows
  A water elemental (D:14)
  2 wraiths
  2 wyverns
  A vampire (D:11)
  A warg (Orc:1)
  41 yaks
  A fire elemental (D:15)
  Grum (D:9)
  5 basilisks
  A steam dragon (D:7)
  A death yak simulacrum (Lair:5)
  8 vampire mosquitoes
  A harpy simulacrum (D:15)
  5 nagas (Lair:2)
  A spectral cane toad (Lair:5)
  5 swamp worms
  14 water moccasins
  2 acid dragons
  6 ice beasts (D:11)
  2 sky beasts
  18 orc warriors
  29 ogres
  3 black bears
  7 centaurs
  An elephant zombie (Lair:5)
  21 wolves
  2 elephant skeletons (Lair:5)
  2 kobold brigands
  2 phantoms
  10 bullfrogs
  6 gnoll sergeants
  A cane toad simulacrum (Lair:5)
  16 wights
  3 elephant simulacra (Lair:5)
  10 killer bees
  4 howler monkeys
  An electric eel (D:14)
  2 bombardier beetles
  2 gnoll boudas (D:8)
  4 orc priests (D:12)
  3 hounds
  8 jellies
  A sleepcap (D:4)
  2 iguanas (D:4)
  Terence (D:2)
  A boggart zombie (D:15)
  20 orc wizards
  A boggart simulacrum (D:15)
  3 adders
  14 gnolls
  A shadow imp (D:7)
  A white imp (D:6)
  6 ufetubi
  A dart slug (D:1)
  A ribbon worm (D:4)
  66 orcs
  7 bats
  8 endoplasms
  2 giant cockroaches
  4 goblins
  9 hobgoblins
  27 kobolds
  3 quokkas
  10 ball pythons
  A frilled lizard (D:3)
  3 rats
648 creatures vanquished.

Vanquished Creatures (collateral kills)
  The ghost of Braxus the Fighter, a journeyman DjSu of Nemelex Xobeh (Lair:3)
  The ghost of Saint1 the Severer, a journeyman MiFi of Gozag (Lair:3)
  A queen bee (Lair:4)
  2 yaks (Lair:2)
  An ogre (D:15)
  2 killer bees (Lair:4)
8 creatures vanquished.

Vanquished Creatures (others)
  A bloated husk (Swamp:1)
1 creature vanquished.

Grand Total: 657 creatures vanquished

Notes
Turn   | Place    | Note
-------+----------+-------------------------------------------
     0 | D:1      | velxir3 the Felid Berserker began the quest for the Orb.
     0 | D:1      | Reached XP level 1. HP: 12/12 MP: 2/2
   119 | D:1      | Reached XP level 2. HP: 6/16 MP: 3/3
  1242 | D:2      | Noticed Terence
  1254 | D:2      | Killed Terence
  1255 | D:2      | Reached skill level 1 in Stealth
  1255 | D:2      | Reached XP level 3. HP: 13/20 MP: 4/4
  2112 | D:3      | Reached XP level 4. HP: 17/24 MP: 5/5
  2112 | D:3      | Gained a life (2 lives remaining)
  2848 | D:4      | Reached ** piety under Trog
  2869 | D:4      | Noticed a sky beast
  3017 | D:4      | Found a shadowy altar of Dithmenos.
  3043 | D:4      | Noticed a phantom
  3135 | D:4      | Reached skill level 5 in Dodging
  3135 | D:4      | Reached XP level 5. HP: 9/28 MP: 6/6
  3763 | D:4      | Killed a sky beast
  3764 | D:4      | Reached skill level 5 in Unarmed Combat
  3764 | D:4      | Gained mutation: You are covered in thick fur. (AC +2)
                  | [Felid growth]
  3764 | D:4      | Reached XP level 6. HP: 27/33 MP: 7/7
  3789 | D:4      | Identified 2 scrolls of acquirement
  3789 | D:4      | Acquired a manual of Unarmed Combat
  3793 | D:4      | Acquired 705 gold pieces
  4145 | D:5      | Entered Level 5 of the Dungeon
  4180 | D:5      | Found a staircase to the Ecumenical Temple.
  4249 | D:5      | Found a broken altar of Ashenzari.
  4512 | D:5      | Reached XP level 7. HP: 37/37 MP: 8/8
  4569 | D:5      | Found Bokaoj's Antique Armour Emporium.
  4570 | D:5      | Found Veocs's Weapon Shoppe.
  4571 | D:5      | Found Puruebob's Distillery.
  4571 | D:5      | Found Vieptiq's Antique Armour Boutique.
  4571 | D:5      | Found Irahag's Assorted Antiques.
  4571 | D:5      | Found Zysiah's Jewellery Emporium.
  4576 | D:5      | Bought a potion of heal wounds for 60 gold pieces
  4576 | D:5      | Bought a potion of curing for 36 gold pieces
  4576 | D:5      | Bought a potion of heal wounds for 60 gold pieces
  4576 | D:5      | Bought a potion of might for 48 gold pieces
  4576 | D:5      | Bought a potion of mutation for 96 gold pieces
  4576 | D:5      | Bought a potion of degeneration for 12 gold pieces
  4580 | D:5      | Bought a gold wand for 72 gold pieces
  4580 | D:5      | Bought a scroll labelled WUTHRE TIERPHIOCH for 18 gold
                  | pieces
  4580 | D:5      | Bought a scroll of identify for 36 gold pieces
  4580 | D:5      | Bought a scroll of identify for 36 gold pieces
  4580 | D:5      | Bought a glass wand for 72 gold pieces
  4580 | D:5      | Acquired a manual of Stealth
  4582 | D:5      | Bought a dented jade amulet for 90 gold pieces
  4748 | D:5      | Reached skill level 5 in Stealth
  5409 | D:6      | Reached skill level 1 in Evocations
  5660 | D:6      | Found a snail-covered altar of Cheibriados.
  5661 | D:6      | Found a stormy altar of Qazlal.
  5663 | D:6      | Found a bloodstained altar of Trog.
  5663 | D:6      | Found a sparkling altar of Nemelex Xobeh.
  5866 | D:6      | Slain by an orc warrior
  5866 | D:6      | Lost a life (1 life remaining)
  5953 | D:6      | Reached XP level 8. HP: 30/42 MP: 9/9
  5953 | D:6      | Gained a life (2 lives remaining)
  6502 | D:7      | Reached skill level 10 in Unarmed Combat
  6508 | D:7      | Reached *** piety under Trog
  6633 | D:7      | Found an opulent altar of Gozag.
  6683 | D:7      | Reached XP level 9. HP: 46/46 MP: 10/10
  6721 | D:7      | Found a glowing silver altar of Zin.
  6735 | D:7      | Reached skill level 5 in Fighting
  7133 | D:8      | Found a basalt altar of Yredelemnul.
  7411 | D:8      | Found an ancient bone altar of Kikubaaqudgha.
  7484 | D:8      | Noticed Erica
  7487 | D:8      | Killed Erica
  7488 | D:8      | Reached skill level 10 in Stealth
  7809 | D:8      | Found a white marble altar of Elyvilon.
  7845 | D:8      | Noticed Joseph
  7860 | D:8      | Killed Joseph
  7909 | D:8      | Noticed Maurice
  7912 | D:8      | Killed Maurice
  7913 | D:8      | Reached skill level 1 in Shapeshifting
  7913 | D:8      | Reached XP level 10. HP: 53/53 MP: 11/11
  8184 | D:8      | HP: 1/53 [gnoll sergeant/+6 vampiric trident (8)]
  8192 | D:8      | Found the +5 woodcutter's axe
  8193 | D:8      | Identified the +8 hand axe "Leviticus" {drain, +Blink rPois
                  | rF+}
  8805 | D:9      | Noticed Grum
  8884 | D:9      | Noticed Maggie
  8897 | D:9      | HP: 2/53 [Maggie/bolt of fire (26)]
  8903 | D:9      | Killed Maggie
  8903 | D:9      | Reached **** piety under Trog
  9318 | D:9      | Killed Grum
  9319 | D:9      | Reached skill level 5 in Evocations
  9920 | D:10     | Entered Level 10 of the Dungeon
  9933 | D:10     | Reached XP level 11. HP: 56/56 MP: 12/12
 10126 | D:10     | Noticed Psyche
 10140 | D:10     | Killed Psyche
 10464 | D:10     | Noticed a soul eater
 10473 | D:10     | Noticed a soul eater
 10484 | D:10     | Reached skill level 15 in Unarmed Combat
 10637 | D:10     | Reached skill level 10 in Dodging
 10901 | D:11     | Found a portal to a secret trove of treasure.
 10928 | D:11     | Found a staircase to the Orcish Mines.
 10945 | D:11     | Reached ***** piety under Trog
 11195 | D:11     | Found a staircase to the Lair.
 11445 | D:11     | Found Didd's Book Shop.
 12475 | D:12     | Noticed an orc knight
 12489 | D:12     | Killed an orc knight
 12686 | D:12     | Gained mutation: Your thick and shaggy fur keeps you warm.
                  | (AC +3, rC+) [Felid growth]
 12686 | D:12     | Reached XP level 12. HP: 63/63 MP: 13/13
 13383 | D:5      | Bought the ring "Esuut" {rPois Str+3 Dex+2 SInv} for 625
                  | gold pieces
 13570 | Lair:1   | Entered Level 1 of the Lair of Beasts
 13738 | Lair:1   | Reached skill level 15 in Stealth
 14312 | Lair:2   | Noticed a death yak
 14312 | Lair:2   | Noticed a death yak
 14314 | Lair:2   | Noticed a death yak
 14315 | Lair:2   | Noticed a death yak
 14329 | Lair:2   | Killed a death yak
 14331 | Lair:2   | Mangled by a death yak
 14331 | Lair:2   | Lost a life (1 life remaining)
 14341 | Lair:2   | Slain by a cane toad
 14341 | Lair:2   | Lost a life (0 lives remaining)
 14459 | Lair:2   | Killed a death yak
 14849 | Lair:2   | Found a staircase to the Snake Pit.
 14874 | Lair:2   | Noticed turdburglar's ghost (journeyman MfSh)
 14886 | Lair:2   | Found a runed translucent door.
 15360 | Lair:2   | Killed a death yak
 15364 | Lair:2   | Killed a death yak
 15372 | Lair:2   | Reached XP level 13. HP: 40/68 MP: 14/14
 15372 | Lair:2   | Gained a life (1 life remaining)
 15717 | Lair:2   | Killed turdburglar's ghost
 15743 | Lair:2   | Gained mutation: You are agile. (Dex +4, Str/Int -1)
                  | [potion of mutation]
 15803 | Lair:3   | Noticed Fannar
 15805 | Lair:3   | Killed Fannar
 15858 | Lair:3   | Found a staircase to the Swamp.
 16379 | Lair:3   | Slain by a death yak
 16379 | Lair:3   | Lost a life (0 lives remaining)
 16489 | Lair:3   | Found a runed translucent gate.
 16489 | Lair:3   | Found a runed translucent gate.
 16491 | Lair:3   | Found a runed translucent gate.
 16493 | Lair:3   | Noticed Braxus's ghost (journeyman DjSu)
 16493 | Lair:3   | Noticed Saint1's ghost (journeyman MiFi)
 16508 | Lair:3   | Killed Braxus's ghost
 16517 | Lair:3   | Killed Saint1's ghost
 17369 | Lair:4   | Found a staircase to the Slime Pits.
 17552 | Lair:4   | Reached skill level 5 in Shapeshifting
 17702 | Lair:4   | Found a transporter.
 17705 | Lair:4   | Found a transporter.
 18227 | Lair:4   | Noticed Reuwoll's ghost (journeyman TeAE)
 18241 | Lair:4   | Identified the +5 quarterstaff of Sohul {antimagic, rCorr
                  | Int+4}
 18720 | Lair:4   | Killed Reuwoll's ghost
 18991 | Lair:5   | Entered Level 5 of the Lair of Beasts
 19141 | Lair:5   | Reached XP level 14. HP: 65/74 MP: 15/15
 19141 | Lair:5   | Gained a life (1 life remaining)
 19877 | Lair:5   | HP: 2/74 [dire elephant (25)]
 19881 | Lair:5   | Mangled by a dire elephant
 19881 | Lair:5   | Lost a life (0 lives remaining)
 20711 | Orc:1    | Entered Level 1 of the Orcish Mines
 21082 | Orc:2    | Entered Level 2 of the Orcish Mines
 21317 | Orc:2    | Found a staircase to the Elven Halls.
 21431 | Orc:2    | Found Uhedevaxt's Armour Emporium.
 21431 | Orc:2    | Found Huroybb's Antique Weapon Boutique.
 21986 | Orc:2    | Paralysed by an ogre mage for 3 turns
 22063 | Orc:2    | Found Raot's Distillery.
 22063 | Orc:2    | Found Niat Ipu's General Store.
 22102 | Orc:2    | Reached XP level 15. HP: 54/79 MP: 16/16
 22156 | Orc:2    | Bought a scroll of teleportation for 33 gold pieces
 22157 | Orc:2    | Bought 2 potions of heal wounds for 140 gold pieces
 22157 | Orc:2    | Bought a potion of curing for 42 gold pieces
 22452 | Orc:1    | Found Hotsehig's Book Boutique.
 24016 | D:14     | Found a gate to the Vaults.
 24764 | D:15     | Entered Level 15 of the Dungeon
 24856 | D:15     | Found a gate leading to a gauntlet.
 24939 | D:15     | Reached ****** piety under Trog
 24959 | D:15     | Found a staircase to the Depths.
 25172 | D:15     | Found a hide-covered altar of Uskayaw.
 25905 | Swamp:1  | Entered Level 1 of the Swamp
 25916 | Swamp:1  | HP: 3/120 [spriggan rider/+0 spear (11)]
 26030 | Swamp:1  | Noticed a thorn hunter
 26153 | Swamp:1  | Reached skill level 10 in Evocations
 26193 | Swamp:1  | HP: 3/80 [acid (8)]
 26288 | Swamp:1  | Reached skill level 10 in Fighting
 26535 | Swamp:1  | HP: 4/80 [spriggan rider/+0 spear (7)]
 26539 | Swamp:1  | Splashed by a goliath frog's acid

Illustrated notes

Levels and vault maps discovered:
D:1:      amcnicky_arrival_double_pillar, layout_loops_corners
D:2:      layout_loops_corners, uniq_terence
D:3:      layout_rooms, minmay_misc_feat_columns, chequers_serial_rivers_marsh
D:4:      layout_basic, grunt_dithmenos_smoke, chequers_arboretum,
          minmay_fractal_squares_5
D:5:      layout_cave_pods, mainiacjoe_overflow_brackets,
          minmay_temple_entry_drinking_statues, nicolae_wooded_promenade,
          nicolae_nh_ransacked_shop
D:6:      black_bear_nest_2, layout_gridville, mainiacjoe_overflow_alcove_3
D:7:      layout_loops_ring, general_overflow_altar, zin_academy
D:8:      layout_basic, lemuel_crystal_altar, kennysheep_ying_yang,
          pf_guarded_unrand_woodcutter, uniq_maurice, uniq_erica, uniq_joseph
D:9:      layout_stronghold, minivault_27, minmay_statues_item, uniq_grum,
          uniq_maggie
D:10:     layout_basic, uniq_psyche
D:11:     layout_gridville, hellmonk_lair_entry_icy, david_orc_2, serial_shops,
          nicolae_shop_behind_doors, enter_trove_2
D:12:     layout_roguey [special_room_orc], dreamdust_princess_corridor
D:13:     layout_roguey, fountainhead
D:14:     layout_big_octagon, kennysheep_another_room, drop_trap
D:15:     grunt_enter_depths_magical_seal, layout_irregular_city,
          gauntlet_entry_generic, nicolae_uskayaw_suspiria
Lair:1:   layout_gridlike
Lair:2:   layout_big_grid, minmay_snake_entry_guardpost_medium,
          hellmonk_ghost_happy_afterlife
Lair:3:   layout_regular_city, minmay_swamp_entry_worms,
          gammafunk_ghost_cemetery, uniq_fannar
Lair:4:   layout_cave_pods, nicolae_slime_entry_slimehenge, enter_volcano_4,
          gammafunk_ghost_hive, minmay_hedge_maze, lemuel_fruit_tree
Lair:5:   due_jungle_book, layout_big_grid
Swamp:1:  cheibrodos_swamp_tower_of_moss, layout_basic_swamp, serial_swamp_ruin,
          evilmike_swamp_ruin_house_2, evilmike_swamp_ruin_house_3
Orc:1:    layout_diamond_mine, serial_shops, shop
Orc:2:    st_orc_ogre_mass, layout_diamond_mine

Skill      XL: |  1  2  3  4  5  6  7  8  9 10 11 12 13 14 15 |
---------------+----------------------------------------------+-----
Stealth        | 1 2 3 4 6 9 11 12 14 17 18 19 20 | 20.8
Unarmed Combat | 4 5 6 8 11 13 14 16 17 18 19 20 | 20.2
Dodging        | 5 6 7 8 9 10 11 12 13 14 | 14.0
Fighting       | 4 5 6 7 8 9 10 | 10.0
Evocations     | 1 3 4 5 6 7 8 9 10 | 10.1
Shapeshifting  | 1 2 3 4 5 6 |  6.9

Action                     |  1- 3 |  4- 6 |  7- 9 | 10-12 | 13-15 || total
---------------------------+-------+-------+-------+-------+-------++-------
  Melee: Unarmed           |    77 |   133 |   185 |   529 |   990 ||  1914
         Punch             |     2 |     6 |    13 |    63 |   140 ||   224
         Bite              |     7 |     7 |    15 |    60 |   161 ||   250
 Invoke: Berserk           |     2 |     2 |     1 |    10 |    18 ||    33
         Trog's Hand       |       |     2 |     1 |     6 |    16 ||    25
         Brothers in Arms  |       |       |       |     1 |     4 ||     5
  Evoke: Wand              |       |       |     5 |    25 |     6 ||    36
         Sack of spiders   |       |       |       |       |     1 ||     1
    Use: Scroll            |       |    13 |     4 |     1 |    13 ||    31
         Potion            |       |     1 |       |     6 |     4 ||    11
   Stab: Sleeping          |     7 |     6 |    13 |    30 |    49 ||   105
         Distracted        |     1 |       |     1 |     3 |    14 ||    19
 Armour: Skin              |    17 |    33 |    37 |   112 |   270 ||   469
  Dodge: Dodged            |    56 |   106 |   213 |   547 |   829 ||  1751
  Block: Other             |       |    12 |       |       |       ||    12
